 Dungeon Crawl Stone Soup version 0.28-a0-29-g0adfcbb (webtiles) character file.

Game seed: 7377747116850356224

58 Illumine the Cudgeller (level 4, -2/29 HPs)
             Began as a Gargoyle Chaos Knight on July 27, 2021.
             Was a Plaything of Xom.
             Slain by a gnoll (4 damage)
             ... on level 3 of the Dungeon.
             The game lasted 00:02:45 (1660 turns).

Illumine the Cudgeller (Gargoyle Chaos Knight)      Turns: 1660, Time: 00:02:45

Health: -2/29      AC: 18    Str: 18    XL:     4   Next: 2%
Magic:  4/4        EV:  7    Int: 13    God:    Xom [..*...]
Gold:   53         SH:  0    Dex:  9    Spells: 3/3 levels left

rFire   + . .      SeeInvis .   a - +1 mace (chaos)
rCold   + . .      Faith    .   (no shield)
rNeg    + . .      Spirit   .   k - +6 chain mail "Rahumeiq" {+Blink Str+2}
rPois   ∞          Reflect  .   (no helmet)
rElec   +          Harm     .   (no cloak)
rCorr   +          Rampage  .   (no gloves)
Will    .....                   (no boots)
Stlth   ..........              (no amulet)
HPRegen 0.09/turn               (no ring)
MPRegen 0.09/turn               (no ring)

@: brilliant, resistant
A: sickness immunity, AC +3, negative energy resistance 1, electricity
resistance, torment resistance 1, petrification resistance
a: Renounce Religion, Evoke Blink


You were on level 3 of the Dungeon.
You worshipped Xom.
You were a toy of Xom.
You visited 1 branch of the dungeon, and saw 3 of its levels.

You collected 53 gold pieces.

Inventory:

Hand Weapons
 a - a +1 mace of chaos (weapon)
Missiles
 d - 7 boomerangs (quivered)
Armour
 b - a +2 leather armour
 k - the +6 chain mail "Rahumeiq" (worn) {+Blink Str+2}
   (Xom gifted it to you on level 2 of the Dungeon)

   Str:       It affects your strength (+2).
   +Blink:    It lets you blink.
Scrolls
 c - a scroll of identify
 e - a scroll of enchant armour {unknown}
 g - a scroll of blinking
 h - a scroll of enchant weapon
Potions
 i - a potion of mutation {unknown}
 j - a potion of haste {unknown}


   Skills:
 + Level 3.9 Fighting
 * Level 3.9 Maces & Flails
 + Level 2.9 Armour
 - Level 0.7 Dodging
 + Level 0.0 Evocations


You had 3 spell levels left.
You didn't know any spells.
Your spell library was empty.

Dungeon Overview and Level Annotations

Branches:
Dungeon (3/15)

Altars:

Annotations:
D:2 Sigmund


Innate Abilities, Weirdness & Mutations

You are immune to sickness and miasma.
Your stone body is resilient. (AC +3)
You are immune to poison.
You resist negative energy. (rN+)
You are resistant to electric shocks. (rElec)
You are resistant to unholy torment.
You are immune to petrification.


Message History

* * * LOW HITPOINT WARNING * * *
Okay, then.
Something hits you but does no damage. Something hits you but does no damage.
Something hits you.
* * * LOW HITPOINT WARNING * * *
A dart slug comes into view.
As you read the scroll labelled NACOR REOPH, it crumbles to dust.
It is a scroll of identify.
g - 2 scrolls of blinking Something hits you but does no damage.
Something hits you.
* * * LOW HITPOINT WARNING * * *
The ball python barely misses you. The ball python grabs you.
The ball python constricts you.
Blink to where?
Press: ? - help, Dir - move target You escape the ball python's grasp.
As you read the scroll of blinking, it crumbles to dust. "Go forth and destroy!"
You feel clever all of a sudden.
A gnoll appears from thin air!
Reactivating autopickup.
The kobold throws a stone.
The stone hits you but does no damage.
A dart slug comes into view. "How about this?"
Nothing appears to happen...
Ominous!
A dart slug comes into view.
The gnoll barely misses you.
As you read the scroll labelled VOVUPU TUSIX, it crumbles to dust.
It is a scroll of enchant weapon.
Your +0 mace of chaos glows red for a moment.
The gnoll is no longer moving quickly.
The gnoll hits you with a +0 flail.
* * * LOW HITPOINT WARNING * * *
A dart slug comes into view.
It was a potion of resistance.
You feel protected.
Xom thinks this is hilarious!
The gnoll hits you with a +0 flail.
You die...
Xom guffaws!

... ..# .### .w###.
≈w..#≈≈ ... #.. ..#
≈≈≈≈≈≈≈≈≈ ..# #.#
...###.≈≈≈≈≈≈#
..####.####....##≈≈.≈≈##
#.................w....#
.......####..#.......#
....#...........#...####
...S....g.J..#.g@.......
...K#..##....#J#####.###.#
....#..S.K...g.# #..
....##.##....### ...
..$....####### ..#
######## #.# #### #.# ...
#.# ######.#########.##


You could see 2 gnolls, 2 dart slugs and an endoplasm.

Vanquished Creatures
  2 adders (D:2)
  A worm (D:2)
  3 ball pythons
  4 endoplasms
  2 giant cockroaches
  3 hobgoblins
  8 jackals
  2 kobolds
  2 bats
  A frilled lizard (D:1)
  3 goblins
  2 rats (D:1)
33 creatures vanquished.

Notes
Turn   | Place    | Note
-------+----------+-------------------------------------------
     0 | D:1      | Illumine the Gargoyle Chaos Knight began the quest for the
                  | Orb.
     0 | D:1      | Reached XP level 1. HP: 14/14 MP: 1/1
    58 | D:1      | XOM: silly message
   117 | D:1      | XOM: divination: magic mapping
   296 | D:1      | Reached XP level 2. HP: 19/19 MP: 2/2
   644 | D:1      | XOM: divination: detect items
   985 | D:1      | XOM: divination: detect creatures
  1158 | D:2      | Reached XP level 3. HP: 24/24 MP: 3/3
  1158 | D:2      | XOM: potion effect (brilliance)
  1172 | D:2      | XOM: silly message
  1440 | D:2      | XOM: god gift: twisted chain mail {god gift}
  1440 | D:2      | Identified the +6 chain mail "Rahumeiq" {+Blink Str+2} (Xom
                  | gifted it to you on level 2 of the Dungeon)
  1566 | D:2      | Noticed Sigmund
  1615 | D:3      | XOM: 1-stop teleportation journey
  1616 | D:3      | XOM: noise
  1625 | D:3      | XOM: enchant monster (bad)
  1629 | D:3      | Reached XP level 4. HP: 29/29 MP: 4/4
  1645 | D:3      | XOM: potion effect (brilliance)
  1653 | D:3      | XOM: silly message
  1657 | D:3      | HP: 1/29 [gnoll (2)]
  1660 | D:3      | Slain by a gnoll

Illustrated notes

Levels and vault maps discovered:
D:1:      minmay_arrival_pointy, layout_basic
D:2:      layout_rooms, ebering_ecumenical_altar_mist, hangedman_decor_opposing,
          uniq_sigmund
D:3:      kennysheep_slugbush, layout_basic, portal_sewer_entry_d

Action                   |  1- 3 |  4- 6 || total
-------------------------+-------+-------++-------
Melee: Mace              |    93 |     5 ||    98
  Use: Scroll            |       |     3 ||     3
       Potion            |       |     1 ||     1
Armor: Leather armour    |    34 |       ||    34
       Chain mail        |    31 |     9 ||    40
Dodge: Dodged            |    73 |     2 ||    75

Table legend: (Time is in decaauts)
 A = Elapsed time spent in this place.
 B = Non-inter-level travel time spent in this place.
 C = Inter-level travel time spent in this place.
 D = Time resting spent in this place.
 E = Time spent auto-exploring this place.
 F = Levels seen in this place.
 G = Mean time per level.
                   A        B        C        D        E       F      G
               +--------+--------+--------+--------+--------+-----+--------+
         Total |   1681 |   1651 |     30 |    129 |   1214 |   3 |  560.3 |
       Dungeon |   1681 |   1651 |     30 |    129 |   1214 |   3 |  560.3 |
               +--------+--------+--------+--------+--------+-----+--------+

Top non-repeatable levels by time:
     D:1: 1159 daAuts
     D:2: 443 daAuts
     D:3: 78 daAuts
